 Dungeon Crawl Stone Soup version 0.31-a0-66-ge618eeaa78 (webtiles) character file.

Game seed: 3277173483480245238

3105 ytrimaz the Thrower (level 9, -3/80 HPs)
             Began as an Ogre Gladiator on May 22, 2023.
             Was an Initiate of Okawaru.
             Slain by a wraith (12 damage)
             ... on level 7 of the Dungeon.
             The game lasted 00:10:30 (8721 turns).

ytrimaz the Thrower (Ogre Gladiator)                Turns: 8721, Time: 00:10:30

Health: -3/80      AC:  3    Str: 23    XL:     9   Next: 90%
Magic:  0/9        EV: 10    Int:  8    God:    Okawaru [......]
Gold:   472        SH:  0    Dex: 14    Spells: 8/8 levels left

rFire   . . .        n - +2 flail (venom)
rCold   . . .        (no shield)
rNeg    . . .        b - +0 robe
rPois   +            c - +0 hat
rElec   .            (no cloak)
rCorr   .            (gloves unavailable)
SInv    .            (boots unavailable)
Will    .....        r - amulet of guardian spirit
Stlth   +            m - ring of poison resistance
HPRegen 0.33/turn    (no ring)
MPRegen 0.11/turn

%: guardian spirit
@: slowed, very slow
A: large, unfitting armour, tough skin 1, talons 1, agile 1
a: Renounce Religion


You were on level 7 of the Dungeon.
You worshipped Okawaru.
Okawaru was noncommittal.
You visited 2 branches of the dungeon, and saw 8 of its levels.
You also visited: Sewer.

You collected 472 gold pieces.


Innate Abilities, Weirdness & Mutations

You are too large for most types of armour.
You have tough skin. (AC +1)
You have sharp toenails.
You are agile. (Dex +4, Str/Int -1)


   Skills:
 - Level 2.6 Fighting
 + Level 7.7 Maces & Flails
 * Level 11.2 Throwing
 - Level 2.6 Dodging


You had 8 spell levels left.
You didn't know any spells.
Your spell library contained the following spells:

 Spells                   Type           Power      Damage    Failure   Level
 Beastly Appendage        Tmut           0%         N/A       41%         1
 Ensorcelled Hibernation  Hex/Ice        0%         N/A       54%         2
 Passwall                 Tmut/Erth      0%         N/A       54%         2
 Wereblood                Tmut           0%         N/A       54%         2
 Spider Form              Tmut/Pois      0%         N/A       78%         3
 Swiftness                Air            0%         N/A       78%         3
 Anguish                  Hex/Necr       0%         N/A       99%         4
 Storm Form               Tmut/Air       0%         N/A       100%        7
 Maxwell's Capacitive Co  Air            0%         ∞         100%        8
 Summon Lightning Spire   Summ/Air       Unusable   N/A       N/A         4

Inventory:

Hand Weapons
 a - a +1 flail of protection
 d - a +0 whip of venom
   (You took it off a kobold brigand in the Ecumenical Temple)
 n - a +2 flail of venom (weapon)
   (You took it off a gnoll in the Ecumenical Temple)
Missiles
 p - a large rock
Armour
 b - a +0 robe (worn)
 c - a +0 hat (worn)
Jewellery
 m - a ring of poison resistance (left hand)
   (You found it on level 2 of the Dungeon)
 r - an amulet of guardian spirit (around neck)
   (You found it on level 5 of the Dungeon)
 t - a ring of wizardry
   (You found it on level 5 of the Dungeon)
 w - an amulet of faith
   (You found it on level 5 of the Dungeon)
Wands
 f - a wand of quicksilver (6) (quivered)
   (You found it on level 3 of the Dungeon)
 g - a wand of polymorph (14)
   (You found it on level 6 of the Dungeon)
Scrolls
 i - 5 scrolls of teleportation
 l - a scroll of identify
 x - a scroll of blinking
Potions
 e - 2 potions of curing
 h - a potion of degeneration {unknown}
 j - a potion of ambrosia
 k - a potion of enlightenment
 o - 3 potions of mutation
 q - 4 potions of heal wounds
 s - a potion of lignification
 u - a potion of brilliance {unknown}
 v - a potion of berserk rage {unknown}
 z - 2 potions of haste
 A - a potion of resistance {unknown}
 B - 2 potions of invisibility {unknown}
 C - a potion of might

Dungeon Overview and Level Annotations

Branches:
Dungeon (7/15) Zot: 26496  Temple (1/1) D:7 Zot: 5258   Sewer (visited)

Altars:
Ashenzari
Cheibriados
Elyvilon
Fedhas
Gozag
Hepliaklqana
Kikubaaqudgha
Makhleb
Okawaru
Qazlal
Ru
Sif Muna
Trog
Uskayaw
Wu Jian
Xom
Yredelemnul
Zin
The Shining One

##.# #### ... #.... ....
..### #..... .....
...##...... ..... ..........
...###.#.......
...#...W....# #.##.@.....#
..... ###..$.#.....#......
###.#....#.............#
#......................#.
###........##...##........#
##...#.....##.........#....#
....##.............####.....
#..................##..##..
#........#....)....##......


You could see a wraith.


Message History

😮 HP[-11] MP[-1]
You take 11 damage, and now have 59/80 hp.
You lost 1 mp, and now have 7/9 mp.
You are too injured to fight recklessly!
Unknown command.
You barely miss the wraith. Your kick misses the wraith.
The wraith closely misses you. x2
You are too injured to fight recklessly!
You hit the wraith but do no damage. The wraith hits you! 😮 HP[-6] MP[-1]
You take 6 damage, and now have 53/80 hp.
You lost 1 mp, and now have 6/9 mp.
You are too injured to fight recklessly!
You hit the wraith. You claw the wraith, but do no damage.
The wraith closely misses you. 😮 HP[+1] Unknown command.
You hit the wraith but do no damage. Your kick misses the wraith.
The wraith completely misses you.
You are too injured to fight recklessly!
You hit the wraith. The wraith hits you. The wraith drains your vigour!
You feel yourself slow down. 😮 HP[-5]
You take 5 damage, and now have 49/80 hp.
You barely miss the wraith. Your kick misses the wraith.
The wraith barely misses you. 😮 HP[+1]
You sock the wraith! The wraith hits you. The wraith drains your vigour!
You feel as though you will be slow longer.
The wraith hits you. 😮 HP[-5] MP[+1]
You take 5 damage, and now have 45/80 hp.
You are too injured to fight recklessly!
You barely miss the wraith. Your kick misses the wraith.
The wraith hits you but does no damage. 😮 HP[+1] Unknown command.
You hit the wraith. Your kick misses the wraith. The wraith hits you!
* * * LOW HITPOINT WARNING * * *
The wraith drains your vigour!
You feel as though you will be slow longer.
The wraith hits you.
* * * LOW HITPOINT WARNING * * *
😨 HP[-10] MP[-2]
You take 10 damage, and now have 36/80 hp.
You lost 2 mp, and now have 5/9 mp.
You are too injured to fight recklessly!
You hit the wraith but do no damage. Your kick misses the wraith.
The wraith hits you!
* * * LOW HITPOINT WARNING * * *
The wraith drains your vigour!
You feel as though you will be slow longer. 😨 HP[-6]
You take 6 damage, and now have 30/80 hp.
You are too injured to fight recklessly!
Unknown command.
You hit the wraith. Your kick misses the wraith. The wraith hits you!
* * * LOW HITPOINT WARNING * * *
The wraith drains your vigour!
You feel as though you will be slow longer.
The wraith misses you. 😱 HP[-10] MP[-1]
You take 10 damage, and now have 20/80 hp.
You lost 1 mp, and now have 4/9 mp.
You are too injured to fight recklessly!
You hit the wraith. Your kick misses the wraith. The wraith hits you!
* * * LOW HITPOINT WARNING * * *
The wraith drains your vigour!
You feel as though you will be slow longer. 😱 HP[-9] MP[-2]
You take 9 damage, and now have 11/80 hp.
You lost 2 mp, and now have 2/9 mp.
Unknown command.
You hit the wraith but do no damage. The wraith closely misses you.
The wraith hits you.
* * * LOW HITPOINT WARNING * * *
The wraith drains your vigour!
You feel as though you will be slow longer. 😱 HP[-3] MP[-1]
You take 3 damage, and now have 8/80 hp.
You lost 1 mp, and now have 1/9 mp.
You closely miss the wraith. Your kick misses the wraith. The wraith hits you.
* * * LOW HITPOINT WARNING * * *
The wraith drains your vigour!
You feel as though you will be slow longer. 😱 MP[-1]
You lost 1 mp, and now have 0/9 mp.
Unknown command.
Aiming: Quicksilver Bolt
Press: ? - help, Q - select action, (/) - cycle Shift-Dir - straight line, f - wraith
Aim: a wraith (almost destroyed, 71% to hit)
The bolt of dispelling energy misses the wraith.
The wraith barely misses you. x2
Unknown command.
Aiming: Quicksilver Bolt
Press: ? - help, Q - select action, (/) - cycle Shift-Dir - straight line, f/p - wraith
Aim: a wraith (almost destroyed, 71% to hit)
The bolt of dispelling energy hits the wraith but does no damage.
The wraith hits you!
You die...

Skill      XL: |  1  2  3  4  5  6  7  8  9 |
---------------+----------------------------+-----
Maces & Flails | 3 4 5 6 7 |  7.7
Throwing       | 3 5 6 7 9 11 | 11.2
Fighting       | |  2.6
Dodging        | |  2.6

Action                     |  1- 3 |  4- 6 |  7- 9 || total
---------------------------+-------+-------+-------++-------
  Melee: Flail             |   111 |    99 |   470 ||   680
         Punch             |     1 |       |     6 ||     7
         Kick              |       |     9 |   138 ||   147
         Whip              |       |       |    21 ||    21
  Throw: Throwing net      |     2 |     2 |       ||     4
         Large rock        |     1 |     2 |     3 ||     6
  Evoke: Wand              |       |       |     5 ||     5
    Use: Scroll            |       |     8 |     9 ||    17
         Potion            |       |     3 |     4 ||     7
   Stab: Sleeping          |     2 |       |     1 ||     3
         Distracted        |       |       |     1 ||     1
 Armour: Robe              |    37 |    45 |   285 ||   367
         Skin              |       |       |    62 ||    62
  Dodge: Dodged            |    67 |    66 |   337 ||   470

Levels and vault maps discovered:
D:1:      giann_wishing_wells, layout_rooms, serial_forest,
          infiniplex_forest_end_3, infiniplex_forest_lined_1,
          infiniplex_forest_straight_3, infiniplex_forest_end_2,
          minmay_rat_gold_closets
D:2:      layout_loops_corners, uniq_sigmund
D:3:      layout_loops_ring
D:4:      layout_rooms, nicolae_uskayaw_suspiria, roderic_roman_lattice,
          uniq_ijyb
D:5:      layout_cave_pools, nicolae_ashenzari_panopticon, serial_bayou_pond_e
D:6:      layout_basic, portal_sewer_entry_b
D:7:      layout_cave_pools, temple_statues, uniq_duvessa
Temple:   minmay_crystal_spiral_temple

Notes
Turn   | Place    | Note
-------+----------+-------------------------------------------
     0 | D:1      | ytrimaz the Ogre Gladiator began the quest for the Orb.
     0 | D:1      | Reached XP level 1. HP: 22/22 MP: 1/1
     0 | D:1      | magus.rc [v1.9.6]
     0 | D:1      | Upgraded the game from 0.31-a0-45-g5f0c076935 to
                  | 0.31-a0-66-ge618eeaa78
     0 | D:1      | magus.rc [v1.9.6]
    58 | D:1      | You pick up a book of Burglary and begin reading...
    58 | D:1      | You add the spells Passwall, Ensorcelled Hibernation and
                  | Swiftness to your library.
   121 | D:1      | Reached XP level 2. HP: 26/29 MP: 2/2
   229 | D:1      | Reached skill level 3 in Maces & Flails
   444 | D:1      | Reached skill level 3 in Throwing
   444 | D:1      | Reached XP level 3. HP: 34/36 MP: 3/3
  1009 | D:2      | You pick up a book of the Sky and begin reading...
  1009 | D:2      | You add the spells Summon Lightning Spire, Storm Form and
                  | Maxwell's Capacitive Coupling to your library.
  1267 | D:2      | Noticed Sigmund
  1278 | D:2      | Killed Sigmund
  1279 | D:2      | Reached skill level 4 in Maces & Flails
  1279 | D:2      | Reached skill level 5 in Throwing
  1279 | D:2      | Reached XP level 4. HP: 39/44 MP: 4/4
  1279 | D:2      | Reached XP level 5. HP: 44/50 MP: 5/5
  2037 | D:3      | Reached XP level 6. HP: 59/59 MP: 6/6
  2049 | D:3      | Identified the +0 leather armour of the Black Moon {-Tele
                  | Int+5 Slay+4}
  2236 | D:3      | Noticed a water moccasin
  2251 | D:3      | Gained mutation: You are agile. (Dex +4, Str/Int -1)
                  | [potion of mutation]
  2251 | D:3      | Gained mutation: You have sharp toenails. [potion of
                  | mutation]
  2261 | D:3      | Killed a water moccasin
  2492 | D:3      | You pick up a book of Changes and begin reading...
  2492 | D:3      | You add the spells Beastly Appendage, Wereblood and Spider
                  | Form to your library.
  2988 | D:3      | Reached skill level 6 in Throwing
  2988 | D:3      | Reached XP level 7. HP: 43/66 MP: 7/7
  3265 | D:4      | Found a hide-covered altar of Uskayaw.
  3336 | D:4      | Noticed Ijyb
  3340 | D:4      | Killed Ijyb
  3354 | D:4      | Reached skill level 5 in Maces & Flails
  3609 | D:5      | Entered Level 5 of the Dungeon
  3732 | D:5      | Noticed a yak
  3732 | D:5      | Noticed a yak
  3734 | D:5      | Noticed a yak
  3746 | D:5      | Noticed a yak
  3759 | D:4      | Killed a yak
  3760 | D:4      | Reached skill level 7 in Throwing
  3843 | D:5      | Noticed a yak
  3843 | D:5      | Noticed a yak
  3859 | D:4      | Killed a yak
  3860 | D:4      | Reached XP level 8. HP: 51/74 MP: 8/8
  4068 | D:4      | Killed a yak
  4069 | D:4      | Reached skill level 8 in Throwing
  4091 | D:4      | Killed a yak
  4112 | D:4      | Killed a yak
  4113 | D:4      | Reached skill level 6 in Maces & Flails
  4260 | D:5      | Killed a yak
  4261 | D:5      | Reached skill level 9 in Throwing
  4415 | D:5      | You pick up a book of Dreams and begin reading...
  4509 | D:5      | Found a broken altar of Ashenzari.
  4619 | D:5      | Reached XP level 9. HP: 80/80 MP: 9/9
  5274 | D:6      | Noticed a hornet
  5286 | D:6      | Found a glowing drain.
  5296 | Sewer    | Entered a sewer
  5430 | Sewer    | Reached skill level 10 in Throwing
  5823 | Sewer    | Reached skill level 7 in Maces & Flails
  6156 | D:6      | Killed a hornet
  6171 | D:6      | HP: 20/80 [poisoned by a killer bee]
  6176 | D:6      | HP: 11/80 [poisoned by a killer bee]
  6210 | D:6      | HP: 12/80 [iguana (7)]
  6716 | D:6      | HP: 4/80 [gnoll bouda/+0 glaive (17)]
  7521 | D:7      | HP: 20/80 [wyvern (5)]
  7523 | D:6      | HP: 7/80 [wyvern (11)]
  7782 | D:7      | Found a staircase to the Ecumenical Temple.
  7794 | Temple   | Entered the Ecumenical Temple
  7802 | Temple   | Reached skill level 11 in Throwing
  8068 | Temple   | Became a worshipper of Warmaster Okawaru
  8233 | Temple   | HP: 19/80 [poisoned by a gnoll]
  8453 | Temple   | HP: 30/120 [iguana (8)]
  8459 | Temple   | HP: 21/120 [gnoll bouda/+0 whip (4)]
  8716 | D:7      | HP: 20/80 [wraith (10)]
  8718 | D:7      | HP: 8/80 [wraith (3)]
  8721 | D:7      | Slain by a wraith

Vanquished Creatures
  A hornet (D:6)
  Sigmund (D:2)
  A wyvern (D:6)
  6 yaks
  2 water moccasins
  A black bear (D:5)
  An ice beast (D:5)
  A sky beast (D:6)
  2 kobold brigands
  3 scorpions
  3 killer bees (D:6)
  2 jellies
  4 hounds
  An orc priest (D:3)
  A sleepcap (D:6)
  2 gnoll boudas
  2 iguanas
  Ijyb (D:4)
  An orc wizard (D:5)
  10 adders
  11 gnolls
  7 river rats
  A shadow imp (D:6)
  A white imp (D:7)
  An ufetubus (D:5)
  A worm (D:2)
  3 dart slugs
  19 orcs
  13 ball pythons
  4 bats (D:1)
  9 endoplasms
  5 giant cockroaches
  5 goblins
  5 hobgoblins
  3 jackals (D:1)
  22 kobolds
  4 quokkas
  3 frilled lizards
  26 rats
189 creatures vanquished.

Table legend:
 A = Non-vault XP
 B = Vault XP
 C = Vault XP percentage of total XP
 D = Non-vault monster count
 E = Vault monster count
 F = Vault count percentage of total count
                 A         B        C        D         E       F
            +---------+---------+-------+---------+---------+-------
      Total |    3905 |     531 |  12.0 |     134 |      55 |  29.1
            +---------+---------+-------+---------+---------+-------
        D:1 |      46 |       7 |  13.2 |      24 |       7 |  22.6
        D:2 |      15 |     247 |  94.3 |       7 |       1 |  12.5
        D:3 |     331 |       0 |   0.0 |      23 |       0 |   0.0
        D:4 |    1233 |      36 |   2.8 |      28 |       1 |   3.4
        D:5 |     815 |       0 |   0.0 |      16 |       0 |   0.0
        D:6 |    1114 |      21 |   1.9 |      19 |       6 |  24.0
        D:7 |      63 |       0 |   0.0 |       9 |       0 |   0.0
     Temple |     288 |       0 |   0.0 |       8 |       0 |   0.0
      Sewer |       0 |     220 | 100.0 |       0 |      40 | 100.0
            +---------+---------+-------+---------+---------+-------

Skill      XL: |  1  2  3  4  5  6  7  8  9 |
---------------+----------------------------+-----
Maces & Flails | 3 4 5 6 7 |  7.7
Throwing       | 3 5 6 7 9 11 | 11.2
Fighting       | |  2.6
Dodging        | |  2.6

Action                     |  1- 3 |  4- 6 |  7- 9 || total
---------------------------+-------+-------+-------++-------
  Melee: Flail             |   111 |    99 |   470 ||   680
         Punch             |     1 |       |     6 ||     7
         Kick              |       |     9 |   138 ||   147
         Whip              |       |       |    21 ||    21
  Throw: Throwing net      |     2 |     2 |       ||     4
         Large rock        |     1 |     2 |     3 ||     6
  Evoke: Wand              |       |       |     5 ||     5
    Use: Scroll            |       |     8 |     9 ||    17
         Potion            |       |     3 |     4 ||     7
   Stab: Sleeping          |     2 |       |     1 ||     3
         Distracted        |       |       |     1 ||     1
 Armour: Robe              |    37 |    45 |   285 ||   367
         Skin              |       |       |    62 ||    62
  Dodge: Dodged            |    67 |    66 |   337 ||   470

Illustrated notes

Table legend:
 A = Kills in this place as a percentage of kills in the entire game.
 B = Kills by you in this place as a percentage of kills by you in the entire game.
 C = Kills by friends in this place as a percentage of kills by friends in the entire game.
 D = Other kills in this place as a percentage of other kills in the entire game.
 E = Experience gained in this place as a percentage of experience gained in the entire game.
 F = Experience gained in this place divided by the number of levels of this place that you have seen.
                   A       B       C       D       E      F
               +-------+-------+-------+-------+-------+----------------------
         Total | 100.0 | 100.0 |   N/A |   N/A | 100.0 | 492.9
       Dungeon |  74.6 |  74.6 |   N/A |   N/A |  88.5 | 561.1
        Temple |   4.2 |   4.2 |   N/A |   N/A |   6.5 | 288.0
         Sewer |  21.2 |  21.2 |   N/A |   N/A |   5.0 | 220.0
               +-------+-------+-------+-------+-------+----------------------

Table legend: (Time is in decaauts)
 A = Elapsed time spent in this place.
 B = Non-inter-level travel time spent in this place.
 C = Inter-level travel time spent in this place.
 D = Time resting spent in this place.
 E = Time spent auto-exploring this place.
 F = Levels seen in this place.
 G = Mean time per level.
                   A        B        C        D        E       F      G
               +--------+--------+--------+--------+--------+-----+--------+
         Total |   8815 |   8480 |    335 |   1035 |   5796 |   9 |  979.4 |
       Dungeon |   7230 |   6979 |    251 |    634 |   4953 |   7 | 1032.9 |
        Temple |    741 |    657 |     84 |    401 |    188 |   1 |  741.0 |
         Sewer |    843 |    843 |      0 |      0 |    655 |   1 |  843.0 |
               +--------+--------+--------+--------+--------+-----+--------+

Top non-repeatable levels by time:
     D:6: 1930 daAuts
     D:3: 1120 daAuts
     D:2: 1016 daAuts
     D:4: 977 daAuts
     D:1: 973 daAuts
     D:5: 960 daAuts
   Sewer: 843 daAuts
  Temple: 741 daAuts
     D:7: 252 daAuts
